 Dungeon Crawl Stone Soup version 0.26-b1-59-ge38874ec40 (webtiles) character file.

Game seed: 12513028613688612304

41 radhat240 the Chiller (level 3, -7/19 HPs)
             Began as a Deep Elf Ice Elementalist on Jan 8, 2021.
             Mangled by an ogre
             ... wielding a +0 giant spiked club
              (26 damage)
             ... on level 2 of the Dungeon.
             The game lasted 00:05:00 (1151 turns).

radhat240 the Chiller (Deep Elf Ice Elementalist)   Turns: 1151, Time: 00:05:00

Health: -7/19      AC:  9    Str: 11    XL:     3   Next: 32%
Magic:  2/10       EV: 13    Int: 20    God:
Gold:   91         SH:  5    Dex: 15    Spells: 3/10 levels left

rFire    . . .     SeeInvis .   (no weapon)
rCold    . . .     Faith    .   (no shield)
rNeg     . . .     Spirit   .   a - +1 robe
rPois    .         Reflect  +   (no helmet)
rElec    .         Harm     .   (no cloak)
rCorr    .         Rampage  .   (no gloves)
Will     .....                  (no boots)
Stlth    ++........             b - amulet of reflection
HPRegen  0.06/turn              f - +6 ring of strength
MPRegen  0.12/turn              (no ring)

@: icy armour, frozen ramparts
A: no striking features
a: no special abilities


You were on level 2 of the Dungeon.
You visited 1 branch of the dungeon, and saw 2 of its levels.

You collected 91 gold pieces.

Inventory:

Armour
 a - a +1 robe (worn)
Jewellery
 b - an amulet of reflection (around neck)
 f - a +6 ring of strength (left hand)
Scrolls
 c - a scroll of enchant armour
 d - a scroll of teleportation
 g - 4 scrolls of remove curse
Potions
 e - a potion of heal wounds {unknown}


   Skills:
 + Level 2.5 Dodging
 + Level 2.4 Stealth
 + Level 4.2 Spellcasting
 + Level 5.0 Ice Magic


You had 3 spell levels left.
You knew the following spells:

 Your Spells              Type           Power        Failure   Level
a - Freeze                Ice            96%          1%          1
b - Frozen Ramparts       Ice            48%          4%          3
c - Ozocubu's Armour      Ice            24%          4%          3

Your spell library contained the following spells:

 Spells                   Type           Power        Failure   Level
 Hailstorm                Conj/Ice       14%          41%         4
 Summon Ice Beast         Ice/Summ       14%          41%         4


Dungeon Overview and Level Annotations

Branches:
Dungeon (2/15)

Altars:


Message History

The goblin shouts!
Your Spellcasting skill increases to level 4!
Casting: Freeze (safe; 1% risk of failure)
Confirm with . or Enter, or press ? or * to list all spells.
The spell is quite dangerous to cast (4% risk of failure)!
Continue anyway?
Casting: Frozen Ramparts (quite dangerous; 4% risk of failure)
Press: ? - help, Dir - look around, f - activate The walls around you are covered in ice.
You freeze the ogre!
The ogre is moderately wounded.
The wall freezes the ogre.
The ogre closely misses you.
The wall freezes the goblin.
You kill the goblin!
Casting: Freeze (safe; 1% risk of failure)
Confirm with . or Enter, or press ? or * to list all spells.
The spell is quite dangerous to cast (4% risk of failure)!
Continue anyway?
A film of ice covers your body!
The wall freezes the ogre.
The ogre hits you with a +0 giant spiked club!!
Ouch! That really hurt!
You die...

....... .......
....>.. .......
....... .......
....(.O###+#+####
......†@........#
########...?....#
#........#
##..#+### #..#
#..# ##########
#..# #.....(..#
#..# #........#
#..#


You could see an ogre.

Vanquished Creatures
  An adder (D:2)
  2 dart slugs (D:1)
  An orc (D:2)
  7 bats
  A giant cockroach (D:2)
  5 goblins
  9 kobolds
  A frilled lizard (D:2)
  2 rats (D:1)
29 creatures vanquished.

Notes
Turn   | Place    | Note
-------+----------+-------------------------------------------
     0 | D:1      | radhat240 the Deep Elf Ice Elementalist began the quest for
                  | the Orb.
     0 | D:1      | Reached XP level 1. HP: 10/10 MP: 6/6
   159 | D:1      | Reached XP level 2. HP: 15/15 MP: 1/8
   928 | D:2      | Reached skill level 5 in Ice Magic
   928 | D:2      | Reached XP level 3. HP: 19/19 MP: 8/10
   932 | D:2      | Learned a level 3 spell: Frozen Ramparts
   936 | D:2      | Learned a level 3 spell: Ozocubu's Armour
  1146 | D:2      | Noticed an ogre
  1151 | D:2      | Mangled by an ogre

Illustrated notes

Levels and vault maps discovered:
D:1:      ebering_trefoil_twist, layout_rooms
D:2:      layout_basic, minmay_pentomino_t2

Skill      XL: |  1  2  3 |
---------------+----------+-----
Ice Magic      | 5 |  5.0
Spellcasting   | 4 |  4.2
Dodging        | |  2.5
Stealth        | |  2.4

Action                   || total
-------------------------++-------
Melee: Unarmed           ||     2
 Cast: Freeze            ||    36
       Ozocubu's Armour  ||     1
       Frozen Ramparts   ||     1
  Use: Scroll            ||     5
Armor: Robe              ||     4
Dodge: Dodged            ||    11
Block: Other             ||     5
